Map: Backcountry

Players

JohnMcClane

  • Race: Protoss Protoss
  • League: Silver
  • Spawn Location: 11:00

JackONeill

  • Race: Zerg Zerg
  • Spawn Location: 11:00

Hindulaatti

  • Race: Terran Terran
  • League: Diamond
  • Spawn Location: 9:00

Prisumber

  • Race: Protoss Protoss
  • League: Platinum
  • Spawn Location: 5:00

TITOF

  • Race: Protoss Protoss
  • Spawn Location: 5:00

Ikkitoto

  • Race: Terran Terran
  • Spawn Location: 5:00

VOD

Have the link to the VOD?

Description

Time

  • Played on: Jan. 19, 2016, 12:28 p.m.
  • Length: 4:25
Show
View Real Time Build Order
Export as new Build Order

JohnMcClane Protoss 

Build Orders: Cannon Rush 

Get SALT Encoding   

  12  0:01  Probe (Chrono Boost)  
  13  0:11  Probe (Chrono Boost)  
  14  0:19  Pylon  
  14  0:23  Probe (Chrono Boost)  
  15  0:38  Probe (Chrono Boost)  
  15  0:39  Forge  
  16  0:49  Pylon  
  16  1:15  Photon Cannon  
  16  1:17  Photon Cannon  
  16  1:33  Pylon  
  16  1:43  Probe (Chrono Boost)  
  17  1:48  Pylon  
  17  1:52  Photon Cannon  
  17  1:53  Probe (Chrono Boost), Photon Cannon  
  18  1:56  Pylon  
  18  2:05  Probe (Chrono Boost)  
  17  2:16  Probe (Chrono Boost)  
  17  2:26  Gateway, Probe (Chrono Boost)  
  18  2:31  Photon Cannon  
  19  2:37  Probe (Chrono Boost)  
  19  2:43  Photon Cannon  
  19  2:49  Assimilator  
  19  3:12  Photon Cannon  
  19  3:19  Cybernetics Core  
  19  3:30  Photon Cannon  
  19  3:37  Photon Cannon  
  12  4:03  Pylon  
Show
View Real Time Build Order
Export as new Build Order

JackONeill Zerg 

Build Orders: Pool First 

Get SALT Encoding   

  12  0:01  Drone  
  13  0:08  Drone  
  14  0:17  Overlord  
  14  0:23  Drone, Extractor  
  15  0:36  Drone x2  
  17  0:48  Drone  
  18  0:54  Spawning Pool  
  17  0:58  Drone, Extractor  
  17  1:41  Queen  
  17  1:42  Zergling x4  
  17  1:43  Zergling x2  
  17  1:45  Hatchery  
  21  2:08  Hatchery  
  20  2:25  Drone x2  
  20  2:26  Overlord  
  21  2:40  Zergling x2  
  22  2:49  Roach Warren  
  19  3:20  Queen  
  19  3:23  Queen  
  19  3:26  Drone  
  24  3:30  Roach x4  
  24  3:31  Roach x2  
  24  3:32  Overlord  
  36  3:42  Overlord  
  36  3:45  Extractor  
  35  3:53  Roach x2  
  35  3:54  Roach  
Show
View Real Time Build Order
Export as new Build Order

Hindulaatti Terran 

Build Orders:  

Get SALT Encoding   

  12  0:01  SCV  
  13  0:13  SCV  
  14  0:19  Supply Depot  
  14  0:25  SCV  
  15  0:40  Refinery  
  15  0:41  SCV  
  16  0:49  Barracks  
  16  0:53  SCV  
  17  1:05  SCV  
  18  1:17  SCV  
  19  1:29  SCV  
  20  1:40  Marine  
  21  1:49  Factory  
  21  1:56  Orbital Command  
  21  2:00  Command Center, Barracks Tech Lab  
  20  2:31  SCV  
  20  2:32  Marine  
  20  2:35  Supply Depot  
  22  2:47  SCV  
  22  2:50  Refinery  
  23  2:56  Marine  
  23  2:57  Siege Tank  
  27  2:58  Supply Depot  
  27  3:02  SCV  
  28  3:14  SCV  
  28  3:17  Marine  
  28  3:19  SCV  
  31  3:22  Supply Depot  
  31  3:29  Siege Tank, Barracks  
  32  3:43  Marine  
  33  3:54  SCV x2  
  35  3:58  Barracks  
  35  4:00  Marine  
Show
View Real Time Build Order
Export as new Build Order

Prisumber Protoss 

Build Orders:  

Get SALT Encoding   

  12  0:01  Probe (Chrono Boost)  
  13  0:12  Probe (Chrono Boost)  
  14  0:18  Pylon  
  14  0:23  Probe (Chrono Boost)  
  15  0:36  Probe (Chrono Boost)  
  15  0:38  Gateway  
  16  0:44  Assimilator  
  16  0:47  Probe (Chrono Boost)  
  17  0:57  Probe (Chrono Boost)  
  17  1:01  Pylon  
  18  1:08  Probe (Chrono Boost)  
  19  1:19  Probe (Chrono Boost)  
  20  1:26  Cybernetics Core  
  20  1:29  Probe (Chrono Boost)  
  21  1:33  Gateway  
  21  1:40  Probe (Chrono Boost)  
  22  1:48  Assimilator  
  22  1:51  Probe (Chrono Boost)  
  23  2:04  Mothership Core (Chrono Boost)  
  25  2:33  Pylon, Warp Gate (Chrono Boost)  
  25  2:42  Adept  
  27  2:47  Stalker  
  27  2:49  Nexus  
  29  2:58  Probe  
  30  3:06  Gateway  
  30  3:10  Probe  
  31  3:15  Stalker  
  33  3:22  Probe  
  34  3:27  Pylon  
  35  3:34  Probe  
  35  3:41  Robotics Facility  
  33  4:11  Probe  
  33  4:12  Probe  
Show
View Real Time Build Order
Export as new Build Order

TITOF Protoss 

Build Orders: Cannon Rush 

Get SALT Encoding   

  12  0:03  Probe (Chrono Boost)  
  13  0:13  Probe (Chrono Boost)  
  14  0:23  Pylon  
  14  0:26  Probe (Chrono Boost)  
  15  0:41  Probe (Chrono Boost)  
  16  0:44  Forge  
  16  0:53  Probe (Chrono Boost)  
  17  1:03  Probe (Chrono Boost)  
  18  1:14  Probe (Chrono Boost)  
  19  1:22  Pylon  
  19  1:24  Probe (Chrono Boost)  
  20  1:35  Probe (Chrono Boost)  
  21  1:43  Photon Cannon  
  21  1:44  Photon Cannon  
  21  1:45  Probe (Chrono Boost)  
  22  1:49  Photon Cannon  
  22  1:54  Pylon  
  22  2:02  Probe (Chrono Boost)  
  22  2:06  Pylon  
  23  2:13  Probe (Chrono Boost)  
  24  2:27  Photon Cannon  
  24  2:29  Photon Cannon  
  24  2:40  Photon Cannon  
  24  2:41  Photon Cannon  
  24  2:53  Photon Cannon  
  24  2:56  Photon Cannon  
  24  3:07  Photon Cannon  
  24  3:11  Photon Cannon  
  24  3:12  Photon Cannon  
  24  3:32  Photon Cannon  
  24  4:04  Pylon  
Show
View Real Time Build Order
Export as new Build Order

Ikkitoto Terran 

Build Orders:  

Get SALT Encoding   

  12  0:13  Supply Depot  
  12  0:36  Barracks  
  12  0:40  Barracks  
  12  0:45  Refinery  
  12  0:52  Refinery  
  12  0:58  SCV  
  13  1:24  Reaper  
  14  1:33  Reaper  
  15  1:40  Barracks  
  14  1:56  Reaper  
  15  2:08  Reaper  
  16  2:28  Reaper  
  17  2:34  Barracks  
  17  2:40  Reaper  
  18  2:58  Barracks  
  18  3:09  Reaper  
  19  3:29  Reaper  
  19  3:30  Reaper  
Tags
 
Add a new tag
Caveats
  • Supply blocks, unpowered buildings, or Contaminate may cause inaccurate times.
  • Supply counts are checked every 10 seconds.